BR (22 & UNDER)
LONG BEACH KO @ GRAND RAPIDS DUTCH OVENS
09/20/2028
 
TOP OF THE 1ST
Long Beach KO batting - Pitching for Grand Rapids Dutch Ovens : RHP Ethan Knight
Pitching: RHP Ethan Knight
Batting: RHB Ben Simpson 0-0: Swinging Strike
0-1: Called Strike
0-2: Ball
1-2: Ground out 5-3 (Groundball, 5S)
Batting: LHB John Lynch 0-0: Called Strike
0-1: Called Strike
0-2: Ball
1-2: Foul Ball, location: 2F
1-2: Foul Ball, location: 2F
1-2: Foul Ball, location: 2F
1-2: SINGLE (Groundball, 34D)
Batting: RHB José González 0-0: Called Strike
0-1: Fly out, F8 (Flyball, 8RM)
Batting: RHB Rich Crabtree 0-0: Ball
1-0: Foul Ball, location: 2F
1-1: Ball
2-1: Foul Ball, location: 2F
2-2: Ball
3-2: Base on Balls
John Lynch to second
Batting: RHB Jorge Molina 0-0: Ball
1-0: Called Strike
1-1: Called Strike
1-2: Ball
2-2: SINGLE (Groundball, 4MD)
John Lynch to third
Rich Crabtree to second
Runner from 3rd tries for Home, SAFE, no throw
Batting: RHB Harvey Mawhinney 0-0: Called Strike
0-1: Foul Ball, location: 2F
0-2: Strikes out swinging
Top of the 1st over - 1 run(s), 2 hit(s), 0 error(s), 2 left on base; Long Beach 1 - Grand Rapids 0
BOTTOM OF THE 1ST
Grand Rapids Dutch Ovens batting - Pitching for Long Beach KO : RHP Luis Rosado
Pitching: RHP Luis Rosado
Batting: SHB Joe Emery 0-0: Swinging Strike
0-1: Swinging Strike
0-2: Strikes out swinging
Batting: RHB Jason Philip 0-0: Called Strike
0-1: Swinging Strike
0-2: Ball
1-2: Strikes out swinging
Batting: SHB John May 0-0: Ball
1-0: Called Strike
1-1: Ball
2-1: Ball
3-1: Ground out 6-3 (Groundball, 6)
Bottom of the 1st over - 0 run(s), 0 hit(s), 0 error(s), 0 left on base; Long Beach 1 - Grand Rapids 0
TOP OF THE 2ND
Long Beach KO batting - Pitching for Grand Rapids Dutch Ovens : RHP Ethan Knight
Batting: RHB Miguel Rodríguez 0-0: Fly out, F9 (Flyball, 9S)
Batting: SHB Steve Shaw 0-0: Foul Ball, location: 2F
0-1: Ball
1-1: Called Strike
1-2: Strikes out swinging
Batting: SHB Troy Abreu 0-0: Fly out, F7 (Line Drive, 78D)
Top of the 2nd over - 0 run(s), 0 hit(s), 0 error(s), 0 left on base; Long Beach 1 - Grand Rapids 0
BOTTOM OF THE 2ND
Grand Rapids Dutch Ovens batting - Pitching for Long Beach KO : RHP Luis Rosado
Batting: LHB Brad Fuller 0-0: Ball
1-0: Called Strike
1-1: Foul Ball, location: 2F
1-2: Foul Ball, location: 2F
1-2: Ball
2-2: Strikes out looking
Batting: RHB Weldon Bell 0-0: Foul Ball, location: 2F
0-1: Swinging Strike
0-2: Foul Ball, location: 2F
0-2: Ball
1-2: Fly out, F9 (Flyball, 9D)
Batting: RHB Phil Poole 0-0: Foul Ball, location: 2F
0-1: Ball
1-1: Foul Ball, location: 2F
1-2: Ball
2-2: Foul Ball, location: 2F
2-2: Ball
3-2: Base on Balls
Batting: RHB António Aguilera 0-0: Ball
Phil Poole steals 2nd base
1-0: Called Strike
1-1: Foul Ball, location: 2F
1-2: Strikes out looking
Bottom of the 2nd over - 0 run(s), 0 hit(s), 0 error(s), 1 left on base; Long Beach 1 - Grand Rapids 0
TOP OF THE 3RD
Long Beach KO batting - Pitching for Grand Rapids Dutch Ovens : RHP Ethan Knight
Batting: RHB Ben Simpson 0-0: Foul Ball, location: 2F
0-1: Fly out, F9 (Line Drive, 89M)
Batting: LHB John Lynch 0-0: Called Strike
0-1: Called Strike
0-2: Ball
1-2: Ball
2-2: Ball
3-2: Strikes out swinging
Batting: RHB José González 0-0: Called Strike
0-1: Called Strike
0-2: Ball
1-2: Fly out, F8 (Flyball, 8RM)
Top of the 3rd over - 0 run(s), 0 hit(s), 0 error(s), 0 left on base; Long Beach 1 - Grand Rapids 0
BOTTOM OF THE 3RD
Grand Rapids Dutch Ovens batting - Pitching for Long Beach KO : RHP Luis Rosado
Batting: RHB Wosene Garane 0-0: Ball
1-0: TRIPLE (Line Drive, 8LM)
Batting: LHB Abel Wheeler 0-0: Called Strike
0-1: Ball
1-1: Called Strike
1-2: Ball
2-2: SINGLE (Groundball, 34D)
Wosene Garane scores
Batting: SHB Joe Emery 0-0: Ball
Abel Wheeler steals 2nd base
1-0: Swinging Strike
1-1: Foul Ball, location: 2F
1-2: Foul Ball, location: 2F
1-2: Foul Ball, location: 2F
1-2: Strikes out swinging
Batting: RHB Jason Philip 0-0: Foul Ball, location: 2F
0-1: Foul Ball, location: 2F
0-2: Ball
1-2: Ball
2-2: Strikes out looking
Batting: SHB John May 0-0: Swinging Strike
0-1: Called Strike
0-2: Strikes out swinging
Bottom of the 3rd over - 1 run(s), 2 hit(s), 0 error(s), 1 left on base; Long Beach 1 - Grand Rapids 1
TOP OF THE 4TH
Long Beach KO batting - Pitching for Grand Rapids Dutch Ovens : RHP Ethan Knight
Batting: RHB Rich Crabtree 0-0: Ball
1-0: Called Strike
1-1: Ball
2-1: Foul Ball, location: 2F
2-2: Strikes out swinging
Batting: RHB Jorge Molina 0-0: Foul Ball, location: 2F
0-1: Ball
1-1: Ball
2-1: Foul Ball, location: 2F
2-2: Foul Ball, location: 2F
2-2: Ground out 4-3 (Groundball, 4MS)
Batting: RHB Harvey Mawhinney 0-0: Called Strike
0-1: Fly out, F8 (Flyball, 8LS)
Top of the 4th over - 0 run(s), 0 hit(s), 0 error(s), 0 left on base; Long Beach 1 - Grand Rapids 1
BOTTOM OF THE 4TH
Grand Rapids Dutch Ovens batting - Pitching for Long Beach KO : RHP Luis Rosado
Batting: LHB Brad Fuller 0-0: Called Strike
0-1: Ball
1-1: Swinging Strike
1-2: Strikes out swinging
Batting: RHB Weldon Bell 0-0: Fly out, F7 (Flyball, 7)
Batting: RHB Phil Poole 0-0: Ball
1-0: Ground out 6-3 (Groundball, 56)
Bottom of the 4th over - 0 run(s), 0 hit(s), 0 error(s), 0 left on base; Long Beach 1 - Grand Rapids 1
TOP OF THE 5TH
Long Beach KO batting - Pitching for Grand Rapids Dutch Ovens : RHP Ethan Knight
Batting: RHB Miguel Rodríguez 0-0: Called Strike
0-1: Ball
1-1: Bunt missed!
1-2: Fly out, F9 (Flyball, 9)
Batting: SHB Steve Shaw 0-0: Ball
1-0: Foul Ball, location: 2F
1-1: Ball
2-1: Ground out 4-3 (Groundball, 34)
Batting: SHB Troy Abreu 0-0: SINGLE (Groundball, 4D)
Batting: RHB Ben Simpson 0-0: Ball
1-0: Foul Ball, location: 2F
1-1: Single, Error in OF, E7, batter to second base
Troy Abreu to third
Batting: LHB John Lynch 0-0: Called Strike
0-1: Ball
1-1: Ground out 4-3 (Groundball, 4)
Top of the 5th over - 0 run(s), 2 hit(s), 1 error(s), 2 left on base; Long Beach 1 - Grand Rapids 1
BOTTOM OF THE 5TH
Grand Rapids Dutch Ovens batting - Pitching for Long Beach KO : RHP Luis Rosado
Batting: RHB António Aguilera 0-0: Called Strike
0-1: Foul Ball, location: 2F
0-2: Strikes out looking
Batting: RHB Wosene Garane 0-0: Ground out 6-3 (Groundball, 6)
Batting: LHB Abel Wheeler 0-0: Ball
1-0: Called Strike
1-1: Swinging Strike
1-2: Ball
2-2: Fly out, F8 (Flyball, 8LM)
Bottom of the 5th over - 0 run(s), 0 hit(s), 0 error(s), 0 left on base; Long Beach 1 - Grand Rapids 1
TOP OF THE 6TH
Long Beach KO batting - Pitching for Grand Rapids Dutch Ovens : RHP Ethan Knight
Batting: RHB José González 0-0: Ground out 5-3 (Groundball, 56)
Batting: RHB Rich Crabtree 0-0: Ball
1-0: Called Strike
1-1: Ball
2-1: Ground out 5-3 (Groundball, 25)
Batting: RHB Jorge Molina 0-0: Ball
1-0: Called Strike
1-1: Fly out, F9 (Flyball, 9)
Top of the 6th over - 0 run(s), 0 hit(s), 0 error(s), 0 left on base; Long Beach 1 - Grand Rapids 1
BOTTOM OF THE 6TH
Grand Rapids Dutch Ovens batting - Pitching for Long Beach KO : RHP Luis Rosado
Batting: SHB Joe Emery 0-0: Called Strike
0-1: Ball
1-1: Ground out 6-3 (Groundball, 6M)
Batting: RHB Jason Philip 0-0: Ball
1-0: Ball
2-0: Foul Ball, location: 2F
2-1: Called Strike
2-2: Strikes out swinging
Batting: SHB John May 0-0: Called Strike
0-1: Foul Ball, location: 2F
0-2: Ball
1-2: Ball
2-2: Fly out, F4 (Flyball, 34D)
Bottom of the 6th over - 0 run(s), 0 hit(s), 0 error(s), 0 left on base; Long Beach 1 - Grand Rapids 1
TOP OF THE 7TH
Long Beach KO batting - Pitching for Grand Rapids Dutch Ovens : RHP Ethan Knight
Pitching: LHP Sancho Espinoza
Batting: RHB Harvey Mawhinney 0-0: Called Strike
0-1: Ball
1-1: Called Strike
1-2: Strikes out swinging
Batting: RHB Miguel Rodríguez 0-0: Called Strike
0-1: Ball
1-1: SINGLE (Line Drive, 9S)
Batting: SHB Steve Shaw 0-0: Called Strike
0-1: Foul Ball, location: 2F
0-2: Ball
1-2: Foul Ball, location: 2F
1-2: Foul Ball, location: 2F
1-2: Ball
2-2: Foul Ball, location: 2F
2-2: SINGLE (Groundball, 56D)
Miguel Rodríguez to second
Pinch Hitting: RHB Brandon Sharp 0-0: Called Strike
0-1: Ball
1-1: Ball
2-1: Swinging Strike
2-2: Ball
3-2: Foul Ball, location: 2F
3-2: Fielders Choice at 2nd, 6-4 (Groundball, 6)
Miguel Rodríguez to third
Batting: RHB Ben Simpson 0-0: Called Strike
0-1: Ball
1-1: Swinging Strike
1-2: Ball
Wild Pitch!
Miguel Rodríguez scores
Brandon Sharp to second
2-2: Ball
3-2: Base on Balls
Pinch Hitting: RHB Carl Curry 0-0: Swinging Strike
0-1: Called Strike
0-2: Strikes out looking
Top of the 7th over - 1 run(s), 2 hit(s), 0 error(s), 2 left on base; Long Beach 2 - Grand Rapids 1
BOTTOM OF THE 7TH
Grand Rapids Dutch Ovens batting - Pitching for Long Beach KO : RHP Luis Rosado
Pitching: LHP Joe Roberts
Now in LF: Cal Cox
Now in CF: Brandon Sharp
Batting: LHB Brad Fuller 0-0: Foul Ball, location: 2F
0-1: Ball
1-1: Swinging Strike
1-2: Fly out, F7 (Flyball, 7LSF)
Batting: RHB Weldon Bell 0-0: Foul Ball, location: 2F
0-1: Foul Ball, location: 2F
0-2: Foul Ball, location: 2F
0-2: Ball
1-2: Ball
2-2: Ball
3-2: Foul Ball, location: 2F
3-2: Ground out 5-3 (Groundball, 56)
Batting: RHB Phil Poole 0-0: Swinging Strike
0-1: Foul Ball, location: 2F
0-2: Ball
1-2: Fly out, F8 (Flyball, 8RD)
Bottom of the 7th over - 0 run(s), 0 hit(s), 0 error(s), 0 left on base; Long Beach 2 - Grand Rapids 1
TOP OF THE 8TH
Long Beach KO batting - Pitching for Grand Rapids Dutch Ovens : LHP Sancho Espinoza
Batting: RHB José González 0-0: Ball
1-0: Hit by Pitch
Batting: RHB Rich Crabtree 0-0: Ball
1-0: Ball
2-0: Ball
3-0: Base on Balls
José González to second
Pitching: RHP Jacob Edwards
Pinch Hitting: LHB José Rivas 0-0: Ball
1-0: Swinging Strike
1-1: Fielders Choice at 2nd, 4-6 (Groundball, 4)
José González to third
Batting: RHB Harvey Mawhinney 0-0: Called Strike
0-1: Ball
1-1: Foul Ball, location: 2F
1-2: Strikes out swinging
Batting: RHB Miguel Rodríguez 0-0: Called Strike
0-1: Called Strike
0-2: Ball
1-2: Foul Ball, location: 2F
1-2: Strikes out looking
Top of the 8th over - 0 run(s), 0 hit(s), 0 error(s), 2 left on base; Long Beach 2 - Grand Rapids 1
BOTTOM OF THE 8TH
Grand Rapids Dutch Ovens batting - Pitching for Long Beach KO : LHP Joe Roberts
Pitching: RHP Carlos Fernández
Now in LF: José Rivas
Batting: RHB António Aguilera 0-0: Called Strike
0-1: Called Strike
0-2: Ball
1-2: Fly out, F8 (Flyball, 8RM)
Batting: RHB Wosene Garane 0-0: Ball
1-0: SINGLE (Line Drive, 8LS)
Pitching: LHP Roberto Díaz
Batting: LHB Abel Wheeler 0-0: Ball
1-0: Swinging Strike
1-1: Ball
2-1: Grounds into double play, 4-6-3 (Groundball, 4)
Bottom of the 8th over - 0 run(s), 1 hit(s), 0 error(s), 0 left on base; Long Beach 2 - Grand Rapids 1
TOP OF THE 9TH
Long Beach KO batting - Pitching for Grand Rapids Dutch Ovens : RHP Jacob Edwards
Batting: SHB Steve Shaw 0-0: Ball
1-0: Ground out 4-3 (Groundball, 34)
Batting: RHB Brandon Sharp 0-0: Ball
1-0: Ball
2-0: Ball
3-0: Base on Balls
Batting: RHB Ben Simpson 0-0: Ball
1-0: Fly out, F8 (Flyball, 8LM)
Pinch Hitting: RHB Roberto Landavazo 0-0: Called Strike
0-1: Called Strike
0-2: Ball
1-2: Ball
2-2: Foul Ball, location: 2F
2-2: Fly out, F8 (Flyball, 8RS)
Top of the 9th over - 0 run(s), 0 hit(s), 0 error(s), 1 left on base; Long Beach 2 - Grand Rapids 1
BOTTOM OF THE 9TH
Grand Rapids Dutch Ovens batting - Pitching for Long Beach KO : LHP Roberto Díaz
Pitching: RHP Zier Budding
Now at 2B: Roberto Landavazo
Now at SS: Miguel López
Batting: SHB Joe Emery 0-0: Called Strike
0-1: Ground out 1-3 (Groundball, 15S)
Pinch Hitting: SHB Karl Webster 0-0: Ball
1-0: Ball
2-0: Called Strike
2-1: Swinging Strike
2-2: Ball
3-2: Ground out 1-3 (Groundball, 13)
Batting: SHB John May 0-0: Called Strike
0-1: Swinging Strike
0-2: Strikes out swinging
Bottom of the 9th over - 0 run(s), 0 hit(s), 0 error(s), 0 left on base; Long Beach 2 - Grand Rapids 1
Tuesday, August 8th, 2017 - OOTP Baseball 17.12 Build 75